 Dungeon Crawl Stone Soup version 0.31-a0-214-gb37851dbb3 (webtiles) character file.

Game seed: 15104842181407180349

21807 qw the Cleaver (level 12, -12/80 HPs)
             Began as a Gargoyle Fighter on July 1, 2023.
             Was an Elder of Okawaru.
             Mangled by Urug
             ... wielding a +3 battleaxe of freezing
              (16 damage)
             ... on level 3 of the Lair of Beasts.
             The game lasted 00:05:58 (11280 turns).

qw the Cleaver (Gargoyle Fighter)                  Turns: 11280, Time: 00:05:59

Health: -12/80     AC: 27    Str: 34    XL:     12   Next: 93%
Magic:  17/18      EV: 13    Int: 10    God:    Okawaru [****..]
Gold:   589        SH:  6    Dex:  9    Spells: 11/11 levels left

rFire   + . .        Y - +1 war axe
rCold   + . .        c - +0 buckler
rNeg    + . .        s - +4 ring mail of Aweegg {Fly rElec rC+}
rPois   inf          h - +1 helmet of the Elven Halls {rPois Str+4}
rElec   +            j - +0 cloak
rCorr   .            (no gloves)
SInv    .            g - +1 pair of boots
Will    .....        (no amulet)
Stlth   ++           n - ring of protection from fire
HPRegen 0.33/turn    m - +6 ring of strength
MPRegen 0.16/turn

%: no passive effects
@: heroic, flying
A: sickness immunity, AC +8, negative energy resistance 1, electricity
resistance, torment resistance 1, petrification resistance
a: Renounce Religion, Heroism, Finesse


You were on level 3 of the Lair of Beasts.
You worshipped Okawaru.
Okawaru was greatly pleased with you.
You visited 3 branches of the dungeon, and saw 12 of its levels.

You collected 589 gold pieces.


Innate Abilities, Weirdness & Mutations

You are immune to sickness and miasma.
Your stone body is resilient. (AC +8)
You are immune to poison.
You resist negative energy. (rN+)
You are resistant to electric shocks. (rElec)
You are resistant to unholy torment.
You are immune to petrification.


   Skills:
 - Level 11.0(16.0) Fighting
 + Level 14.1(19.1) Axes
 - Level 2.2(7.2) Throwing
 - Level 7.0(12.0) Armour
 - Level 3.0(8.0) Dodging
 - Level 7.0(12.0) Shields
 + Level 9.2 Invocations


You had 11 spell levels left.
You didn't know any spells.
Your spell library was empty.

Inventory:

Hand Weapons
 w - a +0 morningstar
 Y - a +1 war axe (weapon)
Missiles
 r - 7 boomerangs (quivered)
Armour
 c - a +0 buckler (worn)
 g - a +1 pair of boots (worn)
 h - the +1 helmet of the Elven Halls (worn) {rPois Str+4}
   (You acquired it on level 2 of the Lair of Beasts)

   Str:       It affects your strength (+4).
   rPois:     It protects you from poison.
 i - a +0 plate armour
 j - a +0 cloak (worn)
 k - a +3 scale mail of cold resistance
 l - +0 acid dragon scales
 s - the +4 ring mail of Aweegg (worn) {Fly rElec rC+}
   (You found it on level 8 of the Dungeon)

   rC:        It protects you from cold.
   rElec:     It insulates you from electricity.
   Fly:       It grants you flight.
Jewellery
 e - an amulet of guardian spirit
 m - a +6 ring of strength (right hand)
 n - a ring of protection from fire (left hand)
 q - a ring of protection from fire
Scrolls
 b - a scroll of identify
Potions
 a - 2 potions of attraction
 d - 3 potions of might
 f - 4 potions of curing
 t - a potion of mutation
 u - a potion of magic {unknown}

Dungeon Overview and Level Annotations

Branches:
Dungeon (8/15)             Temple (1/1) D:4            Lair (3/5) D:8
  Swamp (0/4) Lair:3       Spider (0/4) Lair:2

Altars:
Ashenzari
Cheibriados
Dithmenos
Elyvilon
Fedhas
Gozag
Hepliaklqana
Kikubaaqudgha
Makhleb
Nemelex Xobeh
Okawaru
Qazlal
Ru
Sif Muna
Trog
Uskayaw
Vehumet
Wu Jian
Xom
Yredelemnul
Zin
The Shining One

Shops:
D:8 [

Annotations:
D:3 2 runed translucent doors, qw's ghost, amateur MiHs
Lair:2 3 runed translucent doors, qw's ghost, journeyman DEHu
Lair:3 Urug


Message History

The komodo dragon is moderately wounded.
The komodo dragon bites you.
You completely miss the komodo dragon.
The komodo dragon is moderately wounded.
You hit Urug but do no damage. The komodo dragon bites you!
You slice the komodo dragon!!
The komodo dragon is almost dead.
You hit Urug but do no damage.
Urug hits you with a +3 battleaxe of freezing!
Urug freezes you.
You hit the komodo dragon.
The komodo dragon is almost dead.
You hit Urug but do no damage. The komodo dragon misses you.
Urug hits you but does no damage.
You chop the komodo dragon into pieces!!!
You kill the komodo dragon!
Okawaru accepts your kill.
You hit Urug but do no damage.
Urug hits you with a +3 battleaxe of freezing!
Urug freezes you.
You slash Urug!
Urug is moderately wounded.
You hit Urug but do no damage.
Urug is moderately wounded.
Urug hits you with a +3 battleaxe of freezing!
Urug freezes you.
You hit Urug but do no damage.
Urug is moderately wounded.
Urug barely misses you.
You hit Urug.
Urug is moderately wounded.
You closely miss Urug.
Urug is moderately wounded.
Urug hits you with a +3 battleaxe of freezing!
Urug freezes you.
You hit Urug.
Urug is moderately wounded.
Urug hits you with a +3 battleaxe of freezing!
You die...

....#.P .... ....#..####
#..#...........#
##..#...........## ###
#................#
#...##..###.P##.#...#
.................?..####
).....o.............#.##
.......@................
........................
#....##.###..##.#..###.#
##.# ### ########## ###
#


You could see Urug.

Vanquished Creatures
  A hydra (Lair:3)
  Harold (Lair:1)
  A spectral catoblepas (Lair:3)
  A spectral hydra (Lair:3)
  Pikel (D:5)
  A wolf spider (Lair:2)
  4 elephants (Lair:2)
  2 black mambas
  7 cane toads
  Maggie (Lair:1)
  6 komodo dragons
  A rime drake (Lair:2)
  A polar bear (Lair:2)
  A troll (D:7)
  Grinder (D:6)
  8 blink frogs
  2 jumping spiders (Lair:2)
  A spectral dream sheep (Lair:3)
  Sigmund (D:4)
  A wyvern (Lair:2)
  2 basilisks
  26 yaks
  A steam dragon (D:7)
  2 redbacks (Lair:2)
  5 water moccasins (Lair:1)
  A spectral polar bear (Lair:3)
  An orc warrior (D:6)
  A sky beast (D:7)
  2 black bears
  21 wolves
  A lemure (D:5)
  A kobold brigand (D:7)
  2 phantoms
  11 bullfrogs
  2 scorpions
  7 wights
  An electric eel (Lair:3)
  A jelly (D:7)
  7 hounds
  2 gnoll boudas (D:5)
  2 orc priests
  A sleepcap (D:7)
  5 iguanas
  2 orc wizards
  A mummy (D:4)
  9 gnolls (D:5)
  5 adders
  4 shadow imps
  2 white imps
  2 ufetubi (D:5)
  3 worms
  3 dart slugs
  14 orcs
  A bat (D:3)
  5 endoplasms
  7 giant cockroaches
  8 goblins
  6 hobgoblins
  5 jackals
  6 quokkas
  9 ball pythons
  3 frilled lizards (D:1)
  2 hobgoblin zombies (D:4)
  9 kobolds
  A kobold zombie (D:4)
  An orc zombie (D:4)
  6 rats
262 creatures vanquished.

Notes
Turn   | Place    | Note
-------+----------+-------------------------------------------
     0 | D:1      | qw the Gargoyle Fighter began the quest for the Orb.
     0 | D:1      | Reached XP level 1. HP: 14/14 MP: 1/1
     0 | D:1      | 0 ||| qw: Version: 0.3-a-32-g5962c71
     0 | D:1      | 0 ||| qw: Game counter: 7660
     0 | D:1      | 0 ||| qw: Melee chars always use a shield: true
     0 | D:1      | 0 ||| qw: God list: Okawaru
     0 | D:1      | 0 ||| qw: Allow faded altars: false
     0 | D:1      | 0 ||| qw: Do Orc after clearing Dungeon:15 true
     0 | D:1      | 0 ||| qw: Do second Lair branch before Depths: true
     0 | D:1      | 0 ||| qw: Lair rune preference: random
     0 | D:1      | 0 ||| qw: Goals: Normal, Zot:1-4, Slime:5, God:TSO, Crypt,
                  | Tomb, Abyss, Pan, Hells, Win
     0 | D:1      | 0 ||| PLANNING D:1-11
    63 | D:1      | Reached skill level 2 in Axes
    66 | D:1      | 66 ||| DROPPING +0 club.
   108 | D:1      | You fall into a shaft and drop 1 floor!
   153 | D:1      | Reached XP level 2. HP: 18/19 MP: 2/2
   163 | D:1      | 163 ||| Stepping ~*~*~tactically~*~*~ (stealth).
   220 | D:1      | 220 ||| Stepping ~*~*~tactically~*~*~ (stealth).
   231 | D:1      | 231 ||| Stepping ~*~*~tactically~*~*~ (stealth).
   351 | D:1      | Reached skill level 3 in Axes
   365 | D:1      | Reached XP level 3. HP: 23/23 MP: 3/3
   637 | D:1      | 637 ||| UPGRADING to ring of protection from fire.
   638 | D:1      | 638 ||| READING scroll labelled OMIUTZUAGA.
   639 | D:1      | 639 ||| DRINKING 2 murky black potions.
   642 | D:1      | 642 ||| DROPPING potion of ambrosia.
   855 | D:2      | 855 ||| Stepping ~*~*~tactically~*~*~ (hiding).
   856 | D:2      | 856 ||| Stepping ~*~*~tactically~*~*~ (hiding).
  1031 | D:2      | 1031 ||| FLEEEEING.
  1032 | D:2      | 1032 ||| FLEEEEING.
  1189 | D:2      | 1189 ||| UPGRADING to +0 cloak.
  1194 | D:2      | 1194 ||| UPGRADING to +0 chain mail.
  1204 | D:2      | 1204 ||| DROPPING +0 scale mail.
  1205 | D:2      | 1205 ||| READING scroll labelled FUHABURAUTE.
  1206 | D:2      | 1206 ||| READING scroll labelled NOHAONW EZAID.
  1307 | D:2      | 1307 ||| READING scroll labelled WIXA VYSHRUC.
  1344 | D:3      | Reached XP level 4. HP: 27/28 MP: 4/4
  1495 | D:3      | 1495 ||| Stepping ~*~*~tactically~*~*~ (hiding).
  1503 | D:3      | Reached skill level 4 in Axes
  1520 | D:3      | HP: 6/28 [something (3)]
  1526 | D:3      | HP: 6/28 [something (1)]
  1531 | D:3      | HP: 3/28 [orc wizard/magic dart (1)]
  1540 | D:3      | Reached XP level 5. HP: 6/32 MP: 5/5
  1540 | D:3      | HP: 5/32 [giant cockroach (1)]
  1648 | D:3      | Found a sparkling altar of Nemelex Xobeh.
  1764 | D:3      | Found a large runed translucent door.
  1764 | D:3      | Found a large runed translucent door.
  1782 | D:3      | Noticed qw's ghost (amateur MiHs)
  1854 | D:3      | 1854 ||| Stepping ~*~*~tactically~*~*~ (hiding).
  2184 | D:3      | 2184 ||| UPGRADING to +0 plate armour.
  2194 | D:3      | 2194 ||| DROPPING +0 chain mail.
  2195 | D:3      | 2195 ||| DROPPING orb of wrath.
  2230 | D:4      | Found a shadowy altar of Dithmenos.
  2258 | D:4      | Identified the +2 ring mail of Spite {rN+ Will+}
  2322 | D:4      | Reached skill level 5 in Axes
  2382 | D:4      | Noticed Sigmund
  2392 | D:4      | Killed Sigmund
  2393 | D:4      | Reached XP level 6. HP: 35/40 MP: 6/6
  2443 | D:4      | Found a staircase to the Ecumenical Temple.
  2444 | D:4      | 2444 ||| PLANNING TEMPLE
  2453 | Temple   | Entered the Ecumenical Temple
  2470 | Temple   | 2470 ||| PLANNING OKAWARU WORSHIP
  2567 | Temple   | 2567 ||| READING scroll labelled MIOBBUNUFO.
  2588 | Temple   | Became a worshipper of Warmaster Okawaru
  2589 | Temple   | 2589 ||| PLANNING D:1-11
  2721 | D:4      | 2721 ||| DROPPING +0 whip.
  2915 | D:4      | 2915 ||| UPGRADING to +0 pair of boots.
  2920 | D:4      | 2920 ||| READING 3 scrolls of identify.
  2920 | D:4      | 2920 ||| IDENTIFYING viscous emerald potion
  2921 | D:4      | 2921 ||| READING 2 scrolls of identify.
  2921 | D:4      | 2921 ||| IDENTIFYING bubbling dark potion
  2922 | D:4      | 2922 ||| DRINKING potion of experience.
  2922 | D:4      | Reached skill level 12 in Axes
  2922 | D:4      | Reached XP level 7. HP: 44/44 MP: 7/7
  2953 | D:5      | Entered Level 5 of the Dungeon
  2959 | D:5      | 2959 ||| Stepping ~*~*~tactically~*~*~ (stealth).
  3058 | D:5      | Reached XP level 8. HP: 23/49 MP: 8/8
  3242 | D:5      | Reached skill level 1 in Dodging
  3242 | D:5      | 3242 ||| FLEEEEING.
  3243 | D:5      | 3243 ||| FLEEEEING.
  3244 | D:5      | 3244 ||| FLEEEEING.
  3245 | D:5      | 3245 ||| FLEEEEING.
  3246 | D:5      | 3246 ||| FLEEEEING.
  3247 | D:5      | 3247 ||| FLEEEEING.
  3248 | D:5      | 3248 ||| FLEEEEING.
  3249 | D:5      | 3249 ||| FLEEEEING.
  3250 | D:5      | 3250 ||| FLEEEEING.
  3251 | D:5      | 3251 ||| FLEEEEING.
  3253 | D:5      | 3253 ||| FLEEEEING.
  3254 | D:5      | 3254 ||| FLEEEEING.
  3255 | D:5      | 3255 ||| FLEEEEING.
  3256 | D:5      | 3256 ||| FLEEEEING.
  3257 | D:5      | 3257 ||| FLEEEEING.
  3258 | D:5      | 3258 ||| FLEEEEING.
  3259 | D:5      | 3259 ||| FLEEEEING.
  3261 | D:5      | 3261 ||| FLEEEEING.
  3263 | D:5      | 3263 ||| FLEEEEING.
  3264 | D:5      | 3264 ||| FLEEEEING.
  3265 | D:5      | 3265 ||| FLEEEEING.
  3272 | D:5      | Reached * piety under Okawaru
  3338 | D:5      | 3338 ||| DROPPING +0 flail.
  3362 | D:5      | 3362 ||| Stepping ~*~*~tactically~*~*~ (hiding).
  3436 | D:5      | Found a burning altar of Makhleb.
  3436 | D:5      | Found a hide-covered altar of Uskayaw.
  3473 | D:5      | Noticed Pikel
  3474 | D:5      | 3474 ||| INVOKING Heroism.
  3475 | D:5      | 3475 ||| Stepping ~*~*~tactically~*~*~ (stealth).
  3495 | D:5      | Killed Pikel
  3613 | D:5      | 3613 ||| INVOKING Heroism.
  3623 | D:5      | Reached skill level 1 in Invocations
  3628 | D:5      | 3628 ||| INVOKING Heroism.
  3681 | D:5      | 3681 ||| DROPPING +2 flail.
  3891 | D:5      | Reached XP level 9. HP: 54/54 MP: 9/9
  3932 | D:5      | 3932 ||| Stepping ~*~*~tactically~*~*~ (hiding).
  3954 | D:5      | 3954 ||| Stepping ~*~*~tactically~*~*~ (stealth).
  3955 | D:5      | 3955 ||| Stepping ~*~*~tactically~*~*~ (stealth).
  3956 | D:5      | 3956 ||| Stepping ~*~*~tactically~*~*~ (stealth).
  3967 | D:5      | 3967 ||| Stepping ~*~*~tactically~*~*~ (hiding).
  4167 | D:5      | 4167 ||| UPGRADING to ring of protection from fire.
  4168 | D:5      | 4168 ||| READING scroll labelled WEAREK RIBARUY.
  4169 | D:5      | 4169 ||| READING 2 scrolls labelled TIBBAG SIVVO.
  4170 | D:5      | 4170 ||| DROPPING scroll of vulnerability.
  4197 | D:6      | 4197 ||| PLANNING SEWER
  4261 | D:6      | 4261 ||| INVOKING Heroism.
  4317 | D:6      | Noticed Grinder
  4318 | D:6      | 4318 ||| Stepping ~*~*~tactically~*~*~ (hiding).
  4322 | D:6      | 4322 ||| INVOKING Heroism.
  4330 | D:6      | 4330 ||| Stepping ~*~*~tactically~*~*~ (hiding).
  4335 | D:6      | Killed Grinder
  4336 | D:6      | Reached skill level 1 in Throwing
  4375 | D:6      | Reached skill level 3 in Invocations
  4447 | D:6      | Found a shimmering blue altar of Sif Muna.
  4570 | D:6      | Found a stormy altar of Qazlal.
  4638 | D:6      | Reached skill level 6 in Fighting
  4648 | D:6      | Found a glowing drain.
  4649 | D:6      | 4649 ||| INVOKING Heroism.
  4663 | D:6      | 4663 ||| INVOKING Heroism.
  4664 | D:6      | 4664 ||| INVOKING Heroism.
  4673 | D:6      | HP: 11/55 [orc warrior/+0 halberd (5)]
  4700 | D:6      | 4700 ||| FLEEEEING.
  4702 | D:6      | 4702 ||| FLEEEEING.
  4703 | D:6      | 4703 ||| FLEEEEING.
  4707 | D:6      | 4707 ||| FLEEEEING.
  4708 | D:6      | 4708 ||| FLEEEEING.
  4709 | D:6      | 4709 ||| FLEEEEING.
  4710 | D:6      | 4710 ||| STAIRDANCE
  4844 | D:5      | 4844 ||| READING scroll labelled BISEATHRIMA.
  4845 | D:5      | 4845 ||| READING scroll labelled SUIKENL FIDAN.
  4883 | D:6      | 4883 ||| RIP SEWER
  4884 | D:6      | 4884 ||| PLANNING D:1-11
  4887 | D:6      | 4887 ||| STAIRDANCE
  4995 | D:6      | Found an ornate altar of the Wu Jian Council.
  5030 | D:6      | Found an ancient bone altar of Kikubaaqudgha.
  5173 | D:7      | 5173 ||| INVOKING Heroism.
  5321 | D:7      | Noticed a troll
  5322 | D:7      | 5322 ||| INVOKING Heroism.
  5336 | D:7      | 5336 ||| INVOKING Heroism.
  5338 | D:7      | Killed a troll
  5339 | D:7      | Reached skill level 6 in Armour
  5517 | D:7      | 5517 ||| Stepping ~*~*~tactically~*~*~ (hiding).
  5518 | D:7      | 5518 ||| Stepping ~*~*~tactically~*~*~ (hiding).
  5519 | D:7      | 5519 ||| Stepping ~*~*~tactically~*~*~ (hiding).
  5523 | D:7      | 5523 ||| INVOKING Heroism.
  5534 | D:7      | Reached XP level 10. HP: 59/61 MP: 11/13
  5779 | D:7      | 5779 ||| READING scroll labelled KAURAE CAUFIY.
  5891 | D:7      | 5891 ||| READING scroll labelled KEFROE QUOG.
  5896 | D:7      | 5896 ||| READING scroll labelled KOSTRY ASMITHROL.
  5897 | D:7      | 5897 ||| DRINKING 2 orange potions.
  5898 | D:7      | 5898 ||| DRINKING 2 smoky black potions.
  6003 | D:7      | 6003 ||| READING 2 scrolls of identify.
  6003 | D:7      | 6003 ||| IDENTIFYING fuming dark potion
  6004 | D:7      | 6004 ||| DROPPING potion of berserk rage.
  6182 | D:8      | Found Cuastrus's Antique Armour Shop.
  6187 | D:8      | 6187 ||| SHOPLISTING shiny plate armour (806 gold, have
                  | 425).
  6255 | D:8      | 6255 ||| Stepping ~*~*~tactically~*~*~ (stealth).
  6278 | D:8      | Reached ** piety under Okawaru
  6289 | D:8      | 6289 ||| INVOKING Heroism.
  6363 | D:8      | Identified the +4 ring mail of Aweegg {Fly rElec rC+}
  6402 | D:8      | 6402 ||| Stepping ~*~*~tactically~*~*~ (stealth).
  6404 | D:8      | 6404 ||| Stepping ~*~*~tactically~*~*~ (hiding).
  6635 | D:8      | Found a staircase to the Lair.
  6647 | D:8      | 6647 ||| INVOKING Heroism.
  6960 | D:8      | 6960 ||| PLANNING LAIR
  6960 | D:8      | 6960 ||| UPGRADING to +4 ring mail of Aweegg {Fly rElec
                  | rC+}.
  6970 | D:8      | 6970 ||| READING 2 scrolls labelled WIUH NUHICEM.
  6971 | D:8      | 6971 ||| READING scroll of enchant armour.
  6971 | D:8      | 6971 ||| ENCHANTING +0 pair of boots.
  6976 | Lair:1   | Entered Level 1 of the Lair of Beasts
  6977 | Lair:1   | 6977 ||| INVOKING Heroism.
  7008 | Lair:1   | 7008 ||| INVOKING Heroism.
  7297 | Lair:1   | Noticed a cane toad
  7298 | Lair:1   | 7298 ||| INVOKING Heroism.
  7311 | Lair:1   | Killed a cane toad
  7319 | Lair:1   | Reached skill level 9 in Fighting
  7319 | Lair:1   | Reached XP level 11. HP: 33/71 MP: 14/14
  7697 | Lair:1   | 7697 ||| Stepping ~*~*~tactically~*~*~ (hiding).
  7698 | Lair:1   | 7698 ||| Stepping ~*~*~tactically~*~*~ (hiding).
  7711 | Lair:1   | 7711 ||| INVOKING Heroism.
  7812 | Lair:1   | 7812 ||| Stepping ~*~*~tactically~*~*~ (stealth).
  7922 | Lair:1   | 7922 ||| INVOKING Heroism.
  7929 | Lair:1   | Reached skill level 6 in Shields
  8068 | Lair:1   | 8068 ||| INVOKING Heroism.
  8113 | Lair:1   | Noticed Harold
  8114 | Lair:1   | 8114 ||| INVOKING Heroism.
  8127 | Lair:1   | HP: 14/72 [Harold/+0 short sword (9)]
  8128 | Lair:1   | 8128 ||| DRINKING potion of heal wounds.
  8132 | Lair:1   | Killed Harold
  8132 | Lair:1   | Reached *** piety under Okawaru
  8144 | Lair:1   | 8144 ||| INVOKING Heroism.
  8408 | Lair:1   | 8408 ||| INVOKING Heroism.
  8437 | Lair:1   | Noticed Maggie
  8438 | Lair:1   | 8438 ||| Stepping ~*~*~tactically~*~*~ (stealth).
  8456 | Lair:1   | Killed Maggie
  8457 | Lair:1   | Reached skill level 13 in Axes
  8513 | Lair:1   | Reached **** piety under Okawaru
  8531 | Lair:1   | 8531 ||| INVOKING Heroism.
  8735 | Lair:1   | 8735 ||| UPGRADING to +6 ring of strength.
  8737 | Lair:1   | 8737 ||| READING 2 scrolls of identify.
  8737 | Lair:1   | 8737 ||| IDENTIFYING fuming golden potion
  8738 | Lair:1   | 8738 ||| DROPPING potion of brilliance.
  8887 | Lair:2   | Noticed a wolf spider
  8888 | Lair:2   | 8888 ||| Stepping ~*~*~tactically~*~*~ (stealth).
  8890 | Lair:2   | 8890 ||| INVOKING Heroism.
  8896 | Lair:2   | Killed a wolf spider
  8897 | Lair:2   | Reached skill level 3 in Dodging
  8978 | Lair:2   | Found a hole to the Spider Nest.
  9026 | Lair:2   | 9026 ||| INVOKING Heroism.
  9129 | Lair:2   | 9129 ||| Stepping ~*~*~tactically~*~*~ (hiding).
  9209 | Lair:2   | 9209 ||| Stepping ~*~*~tactically~*~*~ (hiding).
  9213 | Lair:2   | Reached XP level 12. HP: 79/79 MP: 15/15
  9226 | Lair:2   | 9226 ||| INVOKING Heroism.
  9255 | Lair:2   | HP: 9/79 [blink frog (11)]
  9256 | Lair:2   | 9256 ||| INVOKING Heroism.
  9257 | Lair:2   | HP: 3/79 [blink frog (6)]
  9276 | Lair:2   | Reached skill level 6 in Invocations
  9731 | Lair:2   | 9731 ||| FLEEEEING.
  9732 | Lair:2   | 9732 ||| FLEEEEING.
  9733 | Lair:2   | 9733 ||| FLEEEEING.
  9734 | Lair:2   | 9734 ||| FLEEEEING.
  9735 | Lair:2   | 9735 ||| FLEEEEING.
  9736 | Lair:2   | 9736 ||| FLEEEEING.
  9747 | Lair:2   | 9747 ||| INVOKING Heroism.
  9878 | Lair:2   | Found a runed translucent gate.
  9879 | Lair:2   | Found a runed translucent gate.
  9880 | Lair:2   | Found a runed translucent gate.
  9881 | Lair:2   | Noticed a nine-headed hydra
  9881 | Lair:2   | Noticed qw's ghost (journeyman DEHu)
  9894 | Lair:2   | 9894 ||| Stepping ~*~*~tactically~*~*~ (stealth).
  9984 | Lair:2   | 9984 ||| INVOKING Heroism.
 10329 | Lair:2   | 10329 ||| READING scroll labelled ZAODISOLAM.
 10329 | Lair:2   | Identified a scroll of acquirement
 10329 | Lair:2   | 10329 ||| ACQUIRING +1 helmet of the Elven Halls {rPois
                  | Str+4}
 10329 | Lair:2   | Acquired the +1 helmet of the Elven Halls {rPois Str+4}
 10331 | Lair:2   | 10331 ||| UPGRADING to +1 helmet of the Elven Halls {rPois
                  | Str+4}.
 10376 | Lair:3   | 10376 ||| DROPPING +1 heavy flail.
 10465 | Lair:3   | Noticed a four-headed hydra
 10466 | Lair:3   | 10466 ||| INVOKING Heroism.
 10471 | Lair:3   | 10471 ||| SWAPPING to +0 morningstar.
 10477 | Lair:3   | Killed a four-headed hydra
 10478 | Lair:3   | 10478 ||| SWAPPING to +1 war axe.
 10486 | Lair:3   | Reached skill level 14 in Axes
 10547 | Lair:3   | 10547 ||| Stepping ~*~*~tactically~*~*~ (stealth).
 10645 | Lair:3   | 10645 ||| Stepping ~*~*~tactically~*~*~ (stealth).
 10731 | Lair:3   | 10731 ||| INVOKING Heroism.
 10732 | Lair:3   | 10732 ||| Stepping ~*~*~tactically~*~*~ (stealth).
 10745 | Lair:3   | Received a gift from Okawaru
 10748 | Lair:3   | 10748 ||| Stepping ~*~*~tactically~*~*~ (stealth).
 10784 | Lair:3   | 10784 ||| Stepping ~*~*~tactically~*~*~ (stealth).
 10806 | Lair:3   | 10806 ||| INVOKING Heroism.
 10809 | Lair:3   | 10809 ||| SWAPPING to +0 morningstar.
 10816 | Lair:3   | 10816 ||| SWAPPING to +1 war axe.
 10831 | Lair:3   | Reached skill level 9 in Invocations
 10854 | Lair:3   | Found a staircase to the Swamp.
 10854 | Lair:3   | Noticed a ghost crab
 10855 | Lair:3   | 10855 ||| Stepping ~*~*~tactically~*~*~ (stealth).
 10857 | Lair:3   | 10857 ||| Stepping ~*~*~tactically~*~*~ (stealth).
 10859 | Lair:3   | 10859 ||| SWAPPING to +0 morningstar.
 10868 | Lair:3   | HP: 20/80 [ghost crab] (4)]
 10869 | Lair:3   | 10869 ||| READING scroll of teleportation.
 10870 | Lair:3   | 10870 ||| INVOKING Heroism.
 10870 | Lair:3   | HP: 8/80 [spectral blink frog[a ghost crab] (5)]
 10871 | Lair:3   | 10871 ||| SWAPPING to +1 war axe.
 10975 | Lair:3   | 10975 ||| FLEEEEING.
 10976 | Lair:3   | 10976 ||| FLEEEEING.
 10986 | Lair:3   | 10986 ||| STAIRDANCE
 11117 | Lair:2   | 11117 ||| READING 3 scrolls of identify.
 11117 | Lair:2   | 11117 ||| IDENTIFYING inky potion
 11118 | Lair:2   | 11118 ||| READING 2 scrolls of identify.
 11118 | Lair:2   | 11118 ||| IDENTIFYING sedimented white potion
 11119 | Lair:2   | 11119 ||| DROPPING potion of invisibility.
 11266 | Lair:3   | Noticed Urug
 11267 | Lair:3   | 11267 ||| INVOKING Heroism.
 11276 | Lair:3   | HP: 17/80 [Urug/+3 battleaxe of freezing (13)]
 11279 | Lair:3   | HP: 6/80 [Urug/+3 battleaxe of freezing (11)]
 11280 | Lair:3   | Mangled by Urug

Levels and vault maps discovered:
D:1:      psy_arrival_conway, layout_basic, serial_corexii_hall,
          chequers_hall_statues_y, corexii_hall_statues_l, minmay_liquid_box,
          chequers_avenue
D:2:      layout_rooms, minmay_misc_feat_columns, grunt_ministairs_14
D:3:      layout_rooms, mainiacjoe_overflow_paths, ebering_ghost_disaster_area
D:4:      layout_rooms, mainiacjoe_overflow_chevrons,
          minmay_temple_entry_statues_fountains, serial_glass, glass_columns_c,
          glass_columns_b, glass_columns_a, glass_columns_a,
          minmay_mini_ossuary, uniq_sigmund
D:5:      minmay_chambers_of_threes, layout_loops_cross,
          nicolae_overflow_two_pavilions, uniq_pikel
D:6:      layout_basic, lemuel_tele_altar, mainiacjoe_overflow_boulevard,
          kennysheep_mini_moat, mainiacjoe_overflow_tiny_flanked,
          portal_sewer_entry_b, uniq_grinder
D:7:      layout_rooms, nicolae_kite_square_tiling_tiny
D:8:      layout_loops_corners, david_lair_shrubbed, serial_shops, shop,
          kennysheep_generic_room_2
Temple:   nicolae_temple_superstar
Lair:1:   layout_layer_cave, beast_lair_carwin_9, grunt_megastairs_4,
          infiniplex_staircase_pool, uniq_maggie, uniq_harold
Lair:2:   layout_hall_layers, spider_nest_entry_funnel_web,
          gammafunk_ghost_hydra_chop, minivault_25, lemuel_fruit_fields
Lair:3:   layout_chaotic_city, nicolae_swamp_entry_spooky,
          gammafunk_ghost_berserking_beasts, serial_bayou_shore_a,
          lemuel_fruit_tree, grunt_megastairs_1, infiniplex_staircase_pool_2,
          uniq_urug

Skill      XL: |  1  2  3  4  5  6  7  8  9 10 11 12 |
---------------+-------------------------------------+-----
Axes           | 2 3 4 5 12 13 14 | 14.1
Fighting       | 5 6 9 10 11 | 11.0
Armour         | 4 5 6 7 |  7.0
Dodging        | 1 2 3 |  3.0
Invocations    | 1 4 5 9 |  9.2
Throwing       | 1 2 |  2.2
Shields        | 4 5 6 7 |  7.0

Action                     |  1- 3 |  4- 6 |  7- 9 | 10-12 || total
---------------------------+-------+-------+-------+-------++-------
  Melee: War axe           |   103 |   118 |   257 |   507 ||   985
         Morningstar       |       |       |       |    19 ||    19
  Throw: Boomerang         |       |     8 |     3 |   117 ||   128
 Invoke: Heroism           |       |       |    11 |    23 ||    34
    Use: Scroll            |     4 |     3 |     4 |    11 ||    22
         Potion            |     1 |     1 |       |     3 ||     5
 Armour: Scale mail        |    42 |       |       |       ||    42
         Chain mail        |       |    51 |       |       ||    51
         Plate armour      |       |    22 |   155 |    54 ||   231
         Ring mail         |       |       |       |   248 ||   248
  Dodge: Dodged            |    41 |    24 |    47 |   213 ||   325
  Block: Buckler           |    13 |    17 |    45 |   124 ||   199

Table legend:
 A = Non-vault XP
 B = Vault XP
 C = Vault XP percentage of total XP
 D = Non-vault monster count
 E = Vault monster count
 F = Vault count percentage of total count
                 A         B        C        D         E       F
            +---------+---------+-------+---------+---------+-------
      Total |   20946 |    9744 |  31.7 |     208 |      53 |  20.3
            +---------+---------+-------+---------+---------+-------
        D:1 |      48 |       0 |   0.0 |      27 |       0 |   0.0
        D:2 |      29 |       4 |  12.1 |       7 |       2 |  22.2
        D:3 |     122 |       0 |   0.0 |      19 |       0 |   0.0
        D:4 |      43 |     248 |  85.2 |      14 |       6 |  30.0
        D:5 |     787 |    1003 |  56.0 |      25 |      13 |  34.2
        D:6 |     835 |     303 |  26.6 |      16 |       7 |  30.4
        D:7 |    1056 |       0 |   0.0 |      14 |       0 |   0.0
        D:8 |    1511 |     378 |  20.0 |      13 |       1 |   7.1
     Lair:1 |    6210 |    2832 |  31.3 |      27 |       9 |  25.0
     Lair:2 |    7141 |    1444 |  16.8 |      32 |       5 |  13.5
     Lair:3 |    3164 |    3532 |  52.7 |      14 |      10 |  41.7
            +---------+---------+-------+---------+---------+-------
